 Dungeon Crawl Stone Soup version 0.20-a0-820-g557356e (webtiles) character file.

7886 nubinia the Destroyer (level 11, -12/69 HPs)
             Began as an Octopode Wizard on Mar 4, 2017.
             Was a Believer of Vehumet.
             Mangled by an eight-headed hydra (14 damage)
             ... on level 1 of the Lair of Beasts.
             The game lasted 01:11:55 (13041 turns).

nubinia the Destroyer (Octopode Wizard)            Turns: 13041, Time: 01:11:58

Health: -12/69     AC:  2    Str:  6 (7)  XL:     11   Next: 22%
Magic:  19/31      EV: 15    Int: 21 (22) God:    Vehumet [**....]
Gold:   586        SH:  0    Dex: 11 (12) Spells: 8/24 levels left

rFire    . . .     SeeInvis .   a - +0 falchion (drain)
rCold    . . .     Gourm    .   (no shield)
rNeg     + . .     Faith    .   d - +1 hat
rPois    .         Spirit   .   P - amulet of magic regeneration
rElec    .         Reflect  .   l - ring of magical power
rCorr    .         Harm     .   r - ring of positive energy
MR       .....                  (no ring)
Stlth    ++++......             (no ring)
Regen    0.3/turn               (no ring)
MPRegen  0.4/turn               (no ring)
                                (no ring)
                                (no ring)

@: no status effects
A: almost no armour, stealthy swim, amphibious, 8 rings, constrict 8, camouflage
1, gelatinous body 1
a: Renounce Religion


You were on level 1 of the Lair of Beasts.
You worshipped Vehumet.
Vehumet was pleased with you.
You were near starving.

You visited 3 branches of the dungeon, and saw 11 of its levels.

You collected 586 gold pieces.

Inventory:

Hand Weapons
 a - a +0 falchion of draining (weapon)
 b - a +0 blowgun
 s - a +0 whip
 t - a +1 mace
 x - a +2 whip of pain
 G - a +0 dagger of venom
 J - a +2 whip of freezing
 L - a +1 mace of protection
Missiles
 i - 24 poisoned needles
Armour
 d - a +1 hat (worn)
 w - a +0 buckler
Jewellery
 l - a ring of magical power (left tentacle)
 r - a ring of positive energy (right tentacle)
 y - an uncursed amulet of guardian spirit
 P - an amulet of magic regeneration (around mantle)
Wands
 u - a wand of enslavement (10/24)
 D - a wand of iceblast (5/15)
 E - a wand of flame (48/48)
 R - a wand of paralysis (17/24)
Scrolls
 f - 4 scrolls of teleportation
 h - a scroll of magic mapping
 j - 3 scrolls of enchant weapon
 k - a scroll of amnesia
 o - 6 scrolls of remove curse
 p - a scroll of fear
 F - a scroll of immolation
 M - 2 scrolls of blinking
 Q - 3 scrolls of identify
Potions
 g - a potion of heal wounds
 m - 3 potions of agility
 n - 3 potions of curing
 q - 3 potions of ambrosia
 v - 3 potions of flight
 z - a potion of might
 A - a potion of mutation
 B - 5 potions of cancellation
 I - a potion of degeneration
 K - a potion of haste
 O - a potion of lignification
Books
 e - a book of Minor Magic

   Spells                             Type                      Level
   a - Magic Dart                     Conjuration                  1
   b - Blink                          Translocation                2
   c - Call Imp                       Summoning                    2
   d - Slow                           Hexes                        2
   e - Conjure Flame                  Conjuration/Fire             3
   f - Mephitic Cloud                 Conjuration/Poison/Air       3
 C - a book of Power

   Spells                             Type                      Level
   a - Iskenderun's Battlesphere      Conjuration/Charms           5
   b - Venom Bolt                     Conjuration/Poison           5
   c - Bolt of Magma                  Conjuration/Fire/Earth       5
   d - Iron Shot                      Conjuration/Earth            6
   e - Orb of Destruction             Conjuration                  7
   f - Spellforged Servitor           Conjuration/Summoning        7
Comestibles
 c - 6 bread rations
 H - 6 fruits
 N - 3 meat rations


   Skills:
 + Level 4.2 Fighting
 + Level 5.4 Long Blades
 + Level 2.2 Maces & Flails
 + Level 3.9 Throwing
 + Level 4.8 Dodging
 + Level 7.1 Stealth
 + Level 7.4 Spellcasting
 * Level 8.4 Conjurations
 + Level 5.0 Charms
   Level 1.0 Summonings
 + Level 1.0 Translocations
 + Level 0.8 Fire Magic
 + Level 2.8 Air Magic
 - Level 4.1 Poison Magic


You had 8 spell levels left.
You knew the following spells:

 Your Spells              Type           Power        Failure   Level  Hunger
a - Magic Dart            Conj           ####         1%          1    None
b - Blink                 Tloc           N/A          12%         2    None
c - Mephitic Cloud        Conj/Pois/Air  ####....     3%          3    None
d - Conjure Flame         Conj/Fire      ####....     4%          3    None
e - Throw Flame           Conj/Fire      ####..       1%          2    None
i - Iskenderun's Battles  Conj/Chrm      #####...     17%         5    #####..


Dungeon Overview and Level Annotations

Branches:
Dungeon (9/15)             Temple (1/1) D:5            Lair (1/6) D:9
    Orc (0/2) D:9

Altars:
Ashenzari
Cheibriados
Dithmenos
Elyvilon
Fedhas
Gozag
Hepliaklqana
Kikubaaqudgha
Nemelex Xobeh
Okawaru
Qazlal
Ru
Sif Muna
Trog
Vehumet
Wu Jian
Xom
Yredelemnul
Zin
The Shining One

Shops:
D:5 }

Annotations:
D:7 Doomer's ghost, novice MiFi
D:8 sergedm's ghost, novice TrFi
Lair:1 anet's ghost, journeyman DEWz


Innate Abilities, Weirdness & Mutations

You cannot wear most types of armour.
You are very stealthy in the water. (Stealth+)
You are amphibious.
You can wear up to eight rings at the same time.
You can use your tentacles to constrict eight enemies at once.
Your skin changes colour to match your surroundings (Stealth+).
Your rubbery body absorbs attacks. (AC +1, EV +1)


Message History

The eight-headed hydra closely misses you.
The eight-headed hydra barely misses you.
Casting: Throw Flame
Confirm with . or Enter, or press ? or * to list all spells.
Aiming: Throw Flame
Press: ? - help, Shift-Dir - straight line, f/p - eight-headed hydra
Aim: an eight-headed hydra (severely wounded)
The puff of flame hits the eight-headed hydra.
The eight-headed hydra is severely wounded.
Your battlesphere fires!
The barrage of energy hits the eight-headed hydra.
The eight-headed hydra is almost dead.
The eight-headed hydra bites you!
* * * LOW HITPOINT WARNING * * *
The eight-headed hydra bites you.
* * * LOW HITPOINT WARNING * * *
The eight-headed hydra bites you.
* * * LOW HITPOINT WARNING * * *
The eight-headed hydra misses you. The eight-headed hydra bites you!
You die...

##.....###.......#
#...###†.........#
#..####.....#.....
##.####.....###....
####.####......# #.§..
#.....#...#....###....
#####.*†.##....##.....
#.....##....###....
#.@.####....#.##..#
###..D#####.....#####
#.....§..##......#
#..##.#..###P....#
#... ###..# ###...#
#.## ..# ##### #.# .##
## D# .#


You could see an eight-headed hydra and a friendly battlesphere.

Vanquished Creatures
  A two-headed ogre (D:5)
  A hydra (Lair:1)
  Pikel (D:6)
  An elephant (D:9)
  Joseph (D:7)
  A troll (D:9)
  A hornet (D:9)
  2 basilisks (D:9)
  6 yaks
  A hungry ghost (D:7)
  2 water moccasins
  Duvessa (D:7)
  A black bear (D:7)
  2 orc warriors
  5 ice beasts
  A slave (D:6)
  6 ogres
  5 centaurs
  2 crocodiles
  A big kobold (D:8)
  3 bullfrogs
  Dowan (D:7)
  2 scorpions (D:4)
  4 wights (D:6)
  3 howler monkeys (D:8)
  2 crimson imps
  A bullfrog zombie (D:7)
  3 hounds
  5 orc priests
  4 jellies
  3 bullfrog skeletons
  A hell rat (Lair:1)
  Terence (D:3)
  3 orc wizards
  2 iguanas
  3 worker ants
  A hound zombie (D:6)
  2 hound skeletons
  7 adders
  2 howler monkey skeletons
  10 river rats (Lair:1)
  A shadow imp (D:7)
  An ooze (D:1)
  2 adder skeletons
  A worm (D:3)
  2 dart slugs (D:3)
  4 leopard geckos
  32 orcs
  4 ball pythons
  3 giant cockroaches
  6 goblins
  6 hobgoblins
  13 jackals
  16 kobolds
  2 quokkas
  12 bats
  5 frilled lizards
  A leopard gecko skeleton (D:4)
  5 rats
221 creatures vanquished.

Vanquished Creatures (others)
  A bullfrog skeleton (D:6)
  A worker ant (D:6)
  A fungus (Lair:1)
  4 plants (Lair:1)
7 creatures vanquished.

Grand Total: 228 creatures vanquished

Notes
Turn   | Place    | Note
-------+----------+-------------------------------------------
     0 | D:1      | nubinia the Octopode Wizard began the quest for the Orb.
     0 | D:1      | Reached XP level 1. HP: 11/11 MP: 4/4
   184 | D:1      | Reached XP level 2. HP: 16/17 MP: 6/6
   946 | D:1      | Learned a level 2 spell: Blink
   976 | D:1      | Reached XP level 3. HP: 20/21 MP: 4/7
  1390 | D:2      | Found a shimmering altar of Xom.
  1391 | D:2      | Found an ancient bone altar of Kikubaaqudgha.
  1594 | D:1      | Learned a level 3 spell: Mephitic Cloud
  1835 | D:2      | Reached skill level 1 in Maces & Flails
  1835 | D:2      | Reached XP level 4. HP: 27/27 MP: 3/9
  2378 | D:3      | Noticed Terence
  2395 | D:3      | Killed Terence
  2648 | D:3      | Noticed an ice beast
  3230 | D:3      | Reached skill level 2 in Conjurations
  3236 | D:3      | Reached XP level 5. HP: 32/32 MP: 10/10
  3242 | D:3      | Learned a level 3 spell: Conjure Flame
  3527 | D:3      | Reached skill level 1 in Throwing
  3527 | D:3      | Reached skill level 1 in Poison Magic
  3718 | D:4      | Noticed an ogre
  3729 | D:4      | Killed an ogre
  3729 | D:4      | Reached XP level 6. HP: 37/37 MP: 12/12
  4442 | D:4      | Reached skill level 3 in Conjurations
  4445 | D:4      | Reached skill level 1 in Fighting
  4504 | D:4      | Reached XP level 7. HP: 35/43 MP: 13/13
  4514 | D:4      | Reached skill level 1 in Long Blades
  4724 | D:4      | Learned a level 5 spell: Iskenderun's Battlesphere
  4743 | D:5      | Entered Level 5 of the Dungeon
  4784 | D:5      | Noticed a two-headed ogre
  4833 | D:5      | Killed a two-headed ogre
  4833 | D:5      | Reached skill level 5 in Spellcasting
  4833 | D:5      | Reached skill level 4 in Conjurations
  4833 | D:5      | Reached skill level 1 in Air Magic
  4833 | D:5      | Reached XP level 8. HP: 45/48 MP: 5/15
  4867 | D:5      | Reached skill level 5 in Conjurations
  5215 | D:5      | Found Ajul's Gadget Shop.
  5314 | D:5      | Found a staircase to the Ecumenical Temple.
  5323 | Temple   | Entered the Ecumenical Temple
  5394 | Temple   | Became a worshipper of Vehumet
  5598 | D:5      | Found an opulent altar of Gozag.
  5598 | D:5      | Found a sparkling altar of Nemelex Xobeh.
  5927 | D:6      | Noticed Pikel
  6338 | D:6      | Reached skill level 5 in Stealth
  6338 | D:6      | Reached XP level 9. HP: 49/54 MP: 4/17
  6650 | D:6      | Found a white marble altar of Elyvilon.
  6809 | D:6      | Killed Pikel
  7082 | D:6      | Reached skill level 6 in Conjurations
  7645 | D:7      | Noticed Doomer's ghost (novice MiFi)
  7911 | D:7      | Noticed Dowan
  7911 | D:7      | Noticed Joseph
  8086 | D:7      | Noticed Duvessa
  8097 | D:7      | Killed Joseph
  8521 | D:7      | Reached * piety under Vehumet
  8521 | D:7      | Offered knowledge of Shock by Vehumet.
  8680 | D:7      | Killed Duvessa
  8680 | D:7      | Reached XP level 10. HP: 61/61 MP: 14/19
  8682 | D:7      | Killed Dowan
  8890 | D:7      | Reached skill level 7 in Conjurations
  9201 | D:8      | Found a sacrificial altar of Ru.
  9368 | D:8      | Noticed sergedm's ghost (novice TrFi)
  9627 | D:8      | Got a fine hand axe
  9628 | D:8      | Identified the +3 hand axe "Habojirgh" {distort, Int+4} (You found it on level 8 of the Dungeon)
 10332 | D:8      | Reached ** piety under Vehumet
 10506 | D:9      | Offered knowledge of Throw Flame by Vehumet.
 10510 | D:9      | Learned a level 2 spell: Throw Flame
 10814 | D:9      | Reached skill level 8 in Conjurations
 10966 | D:9      | Found a staircase to the Orcish Mines.
 11090 | D:9      | Reached skill level 5 in Long Blades
 11515 | D:9      | Found a deep blue altar of Sif Muna.
 11695 | D:9      | Noticed an elephant
 11721 | D:9      | Killed an elephant
 11721 | D:9      | Reached XP level 11. HP: 68/68 MP: 15/21
 11807 | D:9      | Found a staircase to the Lair.
 12271 | Lair:1   | Entered Level 1 of the Lair of Beasts
 12359 | Lair:1   | Noticed anet's ghost (journeyman DEWz)
 12520 | Lair:1   | Noticed a seven-headed hydra
 12525 | Lair:1   | Killed a seven-headed hydra
 12525 | Lair:1   | Reached skill level 5 in Charms
 12861 | Lair:1   | Offered knowledge of Searing Ray by Vehumet.
 13034 | Lair:1   | Noticed an eight-headed hydra
 13041 | Lair:1   | HP: 2/69 [eight-headed hydra (3)]
 13041 | Lair:1   | Mangled by an eight-headed hydra

Vault maps used:
D:1:      elethiomel_arrival_infinity_welcomes_careful_drivers
D:2:      gammafunk_temple_overflow_pools, first_bread,
          kennysheep_generic_room_12
D:3:      uniq_terence
D:4:      minmay_checkerbox
D:5:      grunt_temple_overflow_opulence, temple_statues, serial_shops,
          shop_statue
D:6:      elyvilon_altar_3, uniq_pikel
D:7:      uniq_duvessa, uniq_joseph
D:8:      nicolae_ru_the_path_less_chosen
D:9:      lemuel_blue_sif_altar, david_lair_generic, orc_0_dummy
Temple:   eino_temple_scatter_basement
Lair:1:   kennysheep_rathole

Skill      XL: |  1  2  3  4  5  6  7  8  9 10 11 |
---------------+----------------------------------+-----
Stealth        | 3 4 5 6 7 |  7.1
Maces & Flails | 1 2 |  2.2
Conjurations   | 2 3 4 5 6 8 |  8.4
Throwing       | 1 2 3 |  3.9
Poison Magic   | 2 3 4 |  4.1
Spellcasting   | 4 5 6 7 |  7.4
Fighting       | 1 2 3 4 |  4.2
Long Blades    | 2 3 5 |  5.4
Dodging        | 3 4 |  4.8
Charms         | 2 3 4 5 |  5.0
Air Magic      | 1 2 |  2.8
Summonings     | |  1.0
Translocations | |  1.0
Fire Magic     | |  0.8

Action                   |  1- 3 |  4- 6 |  7- 9 | 10-12 || total
-------------------------+-------+-------+-------+-------++-------
Melee: Whip              |    47 |     7 |       |       ||    54
       Constrict         |     7 |    21 |    29 |    28 ||    85
       Tentacles         |     2 |    14 |    24 |    30 ||    70
       Mace              |       |    13 |       |       ||    13
       Falchion          |       |    44 |   138 |   187 ||   369
 Fire: Blowgun           |       |     3 |    25 |    30 ||    58
 Cast: Magic Dart        |    50 |   114 |   150 |   135 ||   449
       Mephitic Cloud    |       |     7 |    22 |    17 ||    46
       Conjure Flame     |       |       |     6 |     8 ||    14
       Iskenderun's Batt |       |       |     3 |    10 ||    13
       Throw Flame       |       |       |       |     5 ||     5
  Use: Scroll            |     3 |     9 |     1 |    11 ||    24
       Potion            |     1 |     2 |     1 |     1 ||     5
 Stab: Sleeping          |     6 |     1 |     3 |     1 ||    11
       Confused          |       |     4 |     4 |     8 ||    16
  Eat: Chunk             |     3 |     9 |     5 |    16 ||    33
       Bread ration      |       |       |     3 |       ||     3
       Royal jelly       |       |       |     1 |       ||     1
Armor: Skin              |     6 |    10 |    16 |    22 ||    54
Dodge: Dodged            |    50 |    47 |   101 |   129 ||   327
       Rpst.: Falchion   |       |    15 |    21 |    42 ||    78
